 Dungeon Crawl Stone Soup version 0.27.0-66-gdc8fb28755 (webtiles) character file.

Game seed: 13449967967505817415

12138 Malachi the Grappler (level 11, -1/117 HPs)
             Began as a Troll Berserker on Aug 20, 2021.
             Was a High Priest of Trog.
             Slain by a yak (8 damage)
             ... on level 11 of the Dungeon.
             The game lasted 00:12:30 (8038 turns).

Malachi the Grappler (Troll Berserker)              Turns: 8038, Time: 00:12:31

Health: -1/117     AC:  8    Str: 30    XL:     11   Next: 58%
Magic:  10/10      EV: 15    Int:  3    God:    Trog [*****.]
Gold:   603        SH:  0    Dex:  9    Spells: 10/10 levels left

rFire    . . .     SeeInvis +     - Unarmed
rCold    . . .     Faith    .   (no shield)
rNeg     . . .     Spirit   .   n - +0 steam dragon scales
rPois    .         Reflect  .   d - +2 hat
rElec    .         Harm     .   o - +1 cloak of Starlight {*Dazzle EV+4 Stlth--}
rCorr    .         Rampage  .   (gloves unavailable)
Will     .....                  (boots unavailable)
Stlth    ..........             (no amulet)
HPRegen  1.29/turn              (no ring)
MPRegen  0.12/turn              (no ring)

@: on berserk cooldown, slowed, very slow
A: large, unfitting armour, claws 3, regeneration 1, shaggy fur 1, tough skin 1,
see invisible, deformed body
a: Renounce Religion, Berserk, Trog's Hand, Brothers in Arms


You were on level 11 of the Dungeon.
You worshipped Trog.
Trog was extremely pleased with you.
You visited 1 branch of the dungeon, and saw 11 of its levels.

You collected 603 gold pieces.

Inventory:

Missiles
 q - 2 throwing nets (quivered)
Armour
 d - a +2 hat (worn)
 n - +0 steam dragon scales (worn)
 o - the +1 cloak of Starlight (worn) {*Dazzle EV+4 Stlth--}
   (You found it on level 7 of the Dungeon)

   It may blind those who miss an attack against the wearer in melee combat.
   EV:        It affects your evasion (+4).
   Stlth:     It makes you much less stealthy.
Jewellery
 f - a ring of fire
 j - a ring of ice
Wands
 k - a wand of digging (4)
 r - a wand of iceblast (5)
 s - a wand of mindburst (30)
 u - a wand of flame (16)
Scrolls
 e - a scroll of teleportation
 m - a scroll of fog
 t - a scroll of enchant armour
 v - 2 scrolls of identify
Potions
 c - a potion of lignification
 g - a potion of ambrosia
 h - a potion of curing
 i - 2 potions of might
 l - 2 potions of flight
Miscellaneous
 a - a piece from Xom's chessboard (15/15)
 p - a piece from Xom's chessboard (15/15)


   Skills:
 - Level 10.0 Fighting
 + Level 8.0 Dodging
 - Level 12.0 Unarmed Combat


You had 10 spell levels left.
You didn't know any spells.
Your spell library contained the following spells:

 Spells                   Type           Power      Damage    Failure   Level
 Corpse Rot               Necr/Air       N/A        N/A       67%         2
 Poisonous Vapours        Pois/Air       0%         N/A       67%         2
 Slow                     Hex            0%         N/A       67%         2
 Call Canine Familiar     Summ           0%         N/A       88%         3
 Confusing Touch          Hex            0%         N/A       88%         3
 Ozocubu's Armour         Ice            0%         N/A       88%         3
 Portal Projectile        Hex/Tloc       0%         N/A       88%         3
 Leda's Liquefaction      Hex/Erth       0%         N/A       99%         4
 Freezing Cloud           Conj/Ice/Air   0%         6-21      100%        5
 Metabolic Englaciation   Hex/Ice        0%         N/A       100%        5
 Yara's Violent Unravell  Hex/Tmut       0%         3d3       100%        5
 Simulacrum               Ice/Necr       0%         N/A       100%        6


Dungeon Overview and Level Annotations

Branches:
Dungeon (11/15)            Temple (0/1) D:5            Lair (0/6) D:9
    Orc (0/2) D:9

Altars:
Ashenzari
Fedhas
Hepliaklqana
Okawaru
Qazlal
Sif Muna
Xom
Yredelemnul
Zin
The Shining One
Beogh


Innate Abilities, Weirdness & Mutations

You are too large for most types of armour.
You have claws for hands.
Your natural rate of healing is unusually fast.
You are covered in fur. (AC +1)
You have tough skin. (AC +1)
You have supernaturally acute eyesight. (SInv)
Armour fits poorly on your strangely shaped body.


Message History

The two-headed ogre is moderately wounded.
The yak closely misses you. The yak gores you. The yak completely misses you.
You barely miss the two-headed ogre.
The two-headed ogre is moderately wounded.
The two-headed ogre hits you with a +0 giant spiked club!
The two-headed ogre closely misses you.
You eviscerate the two-headed ogre!!!
You feel the power of Trog in you as your rage grows.
You kill the two-headed ogre!
Trog accepts your kill. The yak barely misses you.
The yak completely misses you. The yak gores you.
Your Dodging skill increases to level 8!
You feel a strong urge to attack something.
You are no longer berserk.
You are exhausted.
You feel yourself slow down. The yak gores you! x2
* * * LOW HITPOINT WARNING * * *
You barely miss the yak. The yak gores you.
* * * LOW HITPOINT WARNING * * *
The yak barely misses you. The yak misses you.
It was a potion of berserk rage.
You're still recovering from your berserk rage.
The yak gores you but does no damage.
You barely miss the yak. The yak misses you.
You mangle the yak!!
The yak is heavily wounded.
The yak gores you!
* * * LOW HITPOINT WARNING * * *
The yak gores you!
* * * LOW HITPOINT WARNING * * *
Unknown command.
As you read the scroll of fear, it crumbles to dust.
You assume a fearsome visage.
The yak looks frightened!
The yak resists with some effort.
The yak looks frightened!
There is a stone staircase leading down here.
You feel better. The yak gores you!
* * * LOW HITPOINT WARNING * * *
You barely miss the yak. The yak gores you!
You die...

# #.# ###....
#####....... #
###@Y......... #
#######...##))......
#
#.##....####........
# ###....####
##....... #
###....### #......
####.....## ......
#....#...# #...!.
...# #...# #....
.#####...#


You could see a yak.

Vanquished Creatures
  3 two-headed ogres
  The ghost of brob1 the Ducker, a novice DjFE of Qazlal (D:7)
  Nergalle (D:11)
  A manticore (D:11)
  A kobold demonologist (D:10)
  Maggie (D:8)
  2 trolls (D:10)
  A shadow (D:9)
  A wyvern (D:9)
  4 yaks
  A steam dragon (D:7)
  3 water moccasins
  2 ice beasts
  A swamp drake (D:9)
  A sky beast (D:8)
  7 orc warriors
  A hornet zombie (D:8)
  5 ogres
  3 centaurs
  A wolf (D:10)
  2 phantoms
  4 kobold brigands
  Blork the orc (D:4)
  3 bullfrogs
  A water moccasin skeleton (D:4)
  10 killer bees (D:8)
  13 wights
  2 howler monkeys
  3 centaur zombies
  3 jellies
  7 hounds
  A gnoll shaman (D:6)
  2 iguanas
  8 orc priests
  Jessica (D:3)
  A centaur skeleton (D:5)
  10 orc wizards
  2 hound skeletons
  Robin (D:3)
  2 howler monkey zombies
  3 gnolls (D:6)
  7 adders
  A shadow imp (D:6)
  An ufetubus (D:5)
  2 adder skeletons (D:4)
  6 worms
  2 dart slugs (D:1)
  42 orcs
  4 ball pythons
  7 endoplasms
  A giant cockroach (D:3)
  7 goblins
  11 hobgoblins
  16 jackals
  5 quokkas
  5 bats
  2 frilled lizards
  16 kobolds
  3 rats
259 creatures vanquished.

Vanquished Creatures (collateral kills)
  Josephine (D:10)
  A gargoyle (D:9)
  A shadow (D:10)
  4 wraiths (D:10)
  Grum (D:10)
  3 orc warriors
  3 wolves (D:10)
  A killer bee (D:10)
  A howler monkey (D:10)
  A centaur zombie (D:10)
  3 orc priests
  2 orc wizards
  6 orcs
  2 kobolds (D:10)
30 creatures vanquished.

Grand Total: 289 creatures vanquished

Notes
Turn   | Place    | Note
-------+----------+-------------------------------------------
     0 | D:1      | Malachi the Troll Berserker began the quest for the Orb.
     0 | D:1      | Reached XP level 1. HP: 22/22 MP: 0/0
    29 | D:1      | Found a faded altar of an unknown god.
    57 | D:1      | Reached XP level 2. HP: 27/29 MP: 1/1
   209 | D:1      | Reached skill level 4 in Unarmed Combat
   412 | D:1      | Reached ** piety under Trog
   663 | D:2      | Reached XP level 3. HP: 36/36 MP: 2/2
  1062 | D:2      | Reached XP level 4. HP: 44/44 MP: 3/3
  1237 | D:3      | Reached skill level 5 in Unarmed Combat
  1466 | D:3      | Noticed Jessica
  1476 | D:3      | Noticed Robin
  1477 | D:3      | Killed Jessica
  1478 | D:3      | Reached XP level 5. HP: 47/50 MP: 4/4
  1484 | D:3      | Killed Robin
  1484 | D:3      | Reached *** piety under Trog
  1489 | D:3      | Reached skill level 6 in Unarmed Combat
  1890 | D:3      | Gained mutation: Armour fits poorly on your strangely
                  | shaped body. [potion of mutation]
  1890 | D:3      | Gained mutation: You have supernaturally acute eyesight.
                  | (SInv) [potion of mutation]
  1977 | D:4      | Noticed Blork the orc
  1988 | D:4      | Killed Blork the orc
  1989 | D:4      | Reached skill level 7 in Unarmed Combat
  1989 | D:4      | Reached XP level 6. HP: 59/59 MP: 5/5
  2090 | D:4      | Found a stormy altar of Qazlal.
  2226 | D:4      | Reached skill level 8 in Unarmed Combat
  2226 | D:4      | Reached XP level 7. HP: 60/66 MP: 6/6
  2380 | D:4      | Reached **** piety under Trog
  2850 | D:5      | Entered Level 5 of the Dungeon
  2867 | D:5      | Reached skill level 9 in Unarmed Combat
  3129 | D:5      | Found a staircase to the Ecumenical Temple.
  3212 | D:5      | Reached skill level 10 in Unarmed Combat
  3212 | D:5      | Reached XP level 8. HP: 74/74 MP: 7/7
  3245 | D:5      | Found a glowing golden altar of the Shining One.
  3245 | D:5      | Found a blossoming altar of Fedhas.
  3253 | D:5      | Found a broken altar of Ashenzari.
  3255 | D:5      | Found a faded altar of an unknown god.
  3257 | D:5      | Found a faded altar of an unknown god.
  3719 | D:6      | Reached skill level 11 in Unarmed Combat
  3950 | D:6      | Reached XP level 9. HP: 49/80 MP: 8/8
  4144 | D:6      | Reached ***** piety under Trog
  4204 | D:7      | Reached skill level 12 in Unarmed Combat
  4560 | D:7      | Reached skill level 5 in Fighting
  4612 | D:7      | Found a basalt altar of Yredelemnul.
  4625 | D:7      | Found a shimmering altar of Xom.
  4725 | D:7      | Found a glowing silver altar of Zin.
  4725 | D:7      | Found an iron altar of Okawaru.
  4782 | D:7      | Found a runed translucent gate.
  4782 | D:7      | Noticed brob1's ghost (novice DjFE)
  4783 | D:7      | Found a runed translucent gate.
  4784 | D:7      | Found a runed translucent gate.
  4790 | D:7      | Found the +1 cloak of Starlight {*Dazzle EV+4 Stlth--}
  5078 | D:7      | Killed brob1's ghost
  5095 | D:7      | Reached XP level 10. HP: 102/102 MP: 9/9
  5217 | D:8      | Noticed Maggie
  5224 | D:8      | Killed Maggie
  6025 | D:9      | Noticed a two-headed ogre
  6031 | D:9      | Killed a two-headed ogre
  6099 | D:9      | Found a staircase to the Lair.
  6275 | D:9      | Found Hlinaoke's Humungous Hoard.
  6335 | D:9      | Noticed a gargoyle
  6361 | D:9      | Killed a gargoyle
  6584 | D:9      | Found a staircase to the Orcish Mines.
  7213 | D:10     | Entered Level 10 of the Dungeon
  7215 | D:10     | Noticed Grum
  7288 | D:10     | Killed Grum
  7288 | D:10     | Noticed Josephine
  7289 | D:10     | Reached XP level 11. HP: 13/117 MP: 10/10
  7290 | D:10     | Reached skill level 5 in Dodging
  7293 | D:10     | Killed Josephine
  7377 | D:10     | Reached skill level 10 in Fighting
  7528 | D:10     | Found a hazy altar of Hepliaklqana.
  7608 | D:10     | Found a shimmering blue altar of Sif Muna.
  7808 | D:11     | Noticed a two-headed ogre
  7816 | D:11     | Killed a two-headed ogre
  8008 | D:11     | Noticed Nergalle
  8011 | D:11     | Noticed a two-headed ogre
  8019 | D:11     | Killed Nergalle
  8026 | D:11     | Killed a two-headed ogre
  8034 | D:11     | HP: 5/117 [yak (12)]
  8038 | D:11     | Slain by a yak

Illustrated notes

Levels and vault maps discovered:
D:1:      sevenhm_arrival_forest_fort_small_4, layout_loops_ring,
          ebering_ecumenical_altar_ruins
D:2:      layout_basic, corexii_corridor_pit
D:3:      layout_loops_ring, uniq_jessica, uniq_robin
D:4:      layout_layer_cave, nicolae_qazlal_general_emergency, st_stairs_2,
          item_on_display_a, uniq_blork_the_orc
D:5:      layout_gridville, chequers_temple_overflow_minitemple,
          minmay_temple_entry_glassed_door
D:6:      layout_rooms, hangedman_abyss_or_decor_passed, minmay_misc_feat_x
D:7:      layout_rooms, gammafunk_temple_overflow_wave, xom_butterflies,
          mainiacjoe_overflow_paths, biasface_ghost_orc_armoury
D:8:      layout_basic, uniq_maggie
D:9:      layout_rooms, dpeg_oklobed_lair, erik_orc_1, nicolae_alphabet_shops
D:10:     layout_rooms, nicolae_hepliaklqana_hippocampus,
          mainiacjoe_overflow_tiny_flanked, minmay_fractal_squares_5,
          uniq_josephine, uniq_grum
D:11:     layout_cave_pods, uniq_nergalle

Skill      XL: |  1  2  3  4  5  6  7  8  9 10 11 |
---------------+----------------------------------+-----
Unarmed Combat | 4 5 7 8 10 11 12 | 12.0
Fighting       | 7 9 10 | 10.0
Dodging        | 4 8 |  8.0

Action                   |  1- 3 |  4- 6 |  7- 9 | 10-12 || total
-------------------------+-------+-------+-------+-------++-------
Melee: Unarmed           |    86 |   123 |   214 |   214 ||   637
       Punch             |     1 |     4 |    12 |     9 ||    26
Invok: Berserk           |       |     3 |     6 |     9 ||    18
       Trog's Hand       |       |       |     1 |     2 ||     3
       Brothers in Arms  |       |       |       |     5 ||     5
  Use: Scroll            |       |     5 |     9 |     6 ||    20
       Potion            |       |     1 |       |     7 ||     8
 Stab: Sleeping          |       |     2 |       |       ||     2
       Invisible         |       |       |       |     3 ||     3
       Confused          |       |       |       |     1 ||     1
Armor: Animal skin       |    28 |    35 |    64 |       ||   127
       Steam dragon scal |       |       |       |    59 ||    59
Dodge: Dodged            |    37 |    48 |    94 |   199 ||   378
